 Dungeon Crawl Stone Soup version 0.29.1-15-g9cfb28693d (webtiles) character file.

Game seed: 15049909958272342509

1310 Gabide the Grasshopper (level 8, -28/66 HPs)
             Began as a Demigod Warper on Apr 10, 2023.
             Annihilated by a two-headed ogre
             ... wielding a +0 dire flail
              (35 damage)
             ... on level 6 of the Dungeon.
             The game lasted 00:10:17 (7712 turns).

Gabide the Grasshopper (Demigod Warper)             Turns: 7712, Time: 00:10:18

Health: -28/66     AC:  6    Str: 12    XL:     8   Next: 10%
Magic:  16/16      EV: 12    Int: 21    God:
Gold:   301        SH:  0    Dex: 20    Spells: 12/14 levels left

rFire   . . .      SeeInvis .   b - +7 long sword of the Land of Plenty {flame, Fly rPois Int-2 Dex+7}
rCold   . . .      Faith    .   (no shield)
rNeg    + . .      Spirit   .   m - +1 ring mail
rPois   +          Reflect  .   (no helmet)
rElec   .          Harm     .   (no cloak)
rCorr   .          Rampage  .   (no gloves)
Will    .....                   (no boots)
Stlth   +.........              (no amulet)
HPRegen 0.21/turn               r - ring of positive energy
MPRegen 0.15/turn               (no ring)

@: flying
A: high MP 1, forlorn, divine attributes
a: no special abilities


You were on level 6 of the Dungeon.
You visited 1 branch of the dungeon, and saw 6 of its levels.

You collected 301 gold pieces.

Inventory:

Hand Weapons
 a - a +0 shortbow
 b - the +7 long sword of the Land of Plenty (weapon) {flame, Fly rPois Int-2 Dex+7}
   (You found it on level 4 of the Dungeon)

   It burns those it strikes, dealing additional fire damage.
   Big, fiery blades are also staple armaments of hydra-hunters.
   Int:       It affects your intelligence (-2).
   Dex:       It affects your dexterity (+7).
   rPois:     It protects you from poison.
   Fly:       It grants you flight.
Missiles
 d - 4 boomerangs of dispersal (quivered)
 v - a throwing net
Armour
 m - a +1 ring mail (worn)
Jewellery
 r - a ring of positive energy (left hand)
Wands
 f - a wand of iceblast (7)
Scrolls
 c - a scroll of blinking
 i - a scroll of brand weapon
 l - a scroll of enchant armour
 p - 4 scrolls of teleportation
Potions
 e - 3 potions of attraction
 g - 2 potions of lignification
 h - 2 potions of brilliance
 j - a potion of berserk rage
 k - a potion of heal wounds
 n - 4 potions of curing


   Skills:
 + Level 3.8 Fighting
 - Level 3.0 Polearms
 + Level 1.7 Ranged Weapons
 - Level 0.8 Throwing
 - Level 0.8 Armour
 + Level 3.7 Dodging
 + Level 3.6 Spellcasting
 * Level 6.8 Translocations


You had 12 spell levels left.
You knew the following spells:

 Your Spells              Type           Power      Damage    Failure   Level
a - Blink                 Tloc           64%        N/A       2%          2

Your spell library contained the following spells:

 Spells                   Type           Power      Damage    Failure   Level
 Gell's Gravitas          Tloc           32%        N/A       4%          3
 Lesser Beckoning         Tloc           32%        N/A       4%          3
 Teleport Other           Tloc           32%        N/A       4%          3
 Magic Dart               Conj           12%        1d3       28%         1
 Slow                     Hex            12%        N/A       28%         1
 Searing Ray              Conj           6%         2d4       41%         2
 Manifold Assault         Tloc           32%        N/A       43%         5
 Confusing Touch          Hex            3%         N/A       65%         3
 Vampiric Draining        Necr           3%         2d6       65%         3
 Fulminant Prism          Conj/Hex       1%         3d6       96%         4


Dungeon Overview and Level Annotations

Branches:
Dungeon (6/15)             Temple (0/1) D:4

Shops:
D:3 =


Innate Abilities, Weirdness & Mutations

You have an increased reservoir of magic. (+10% MP)
You shall have no god before yourself.
Your divine heritage dramatically boosts your attributes as you level up.


Message History

Throw: 2 darts (poison)
Press: ? - help, Shift-Dir - straight line, f/p - two-headed ogre
Aim: a two-headed ogre, wielding a +0 dire flail and a +0 giant spiked club (lightly wounded, entangled in a net, very poisoned, 94% to hit)
You throw a poisoned dart.
The poisoned dart hits the two-headed ogre.
The two-headed ogre looks even sicker.
The two-headed ogre is lightly wounded.
The two-headed ogre struggles against the net.
Throw: dart (poison)
Press: ? - help, Shift-Dir - straight line, f/p - two-headed ogre
Aim: a two-headed ogre, wielding a +0 dire flail and a +0 giant spiked club (lightly wounded, entangled in a net, very poisoned, 94% to hit)
You throw a poisoned dart.
The poisoned dart hits the two-headed ogre.
The two-headed ogre looks as sick as possible!
The two-headed ogre is lightly wounded.
The two-headed ogre struggles against the net.
Aiming: Iceblast
Press: ? - help, Shift-Dir - straight line, p - two-headed ogre The mass of ice explodes!
The iceblast engulfs the two-headed ogre!
The two-headed ogre is moderately wounded.
The two-headed ogre struggles against the net.
The net rips apart, and the two-headed ogre comes free!
Aiming: Iceblast
Press: ? - help, Shift-Dir - straight line The mass of ice explodes!
The iceblast engulfs the two-headed ogre!
The two-headed ogre is severely wounded.
Unknown command.
You hit the two-headed ogre. You burn the two-headed ogre.
The two-headed ogre is severely wounded.
The two-headed ogre hits you with a +0 dire flail!
The two-headed ogre hits you with a +0 giant spiked club!!
You are too injured to fight recklessly!
The two-headed ogre attacks as you move away!
The two-headed ogre hits you with a +0 dire flail!!
* * * LOW HITPOINT WARNING * * *
The two-headed ogre hits you with a +0 giant spiked club!!
Ouch! That really hurt!
You die...

.. ~~~~
.#... ....
#.. ###.#
#####...##
#........#
#......<.#
#......@.#
#.....O..#
..........#
..........#
..........#
...(......#
##........#
#........#
#........#


You could see a two-headed ogre (very poisoned).

Vanquished Creatures
  Prince Ribbit (D:5)
  Menkaure (D:5)
  2 black bears
  2 ogres
  A centaur (D:5)
  A necrophage (D:5)
  2 scorpions
  A howler monkey (D:4)
  3 hounds
  An iguana (D:4)
  2 orc wizards (D:4)
  9 adders
  An ufetubus (D:4)
  2 worms
  A dart slug (D:4)
  8 orcs
  5 ball pythons
  6 bats
  9 endoplasms
  6 giant cockroaches
  9 goblins
  7 hobgoblins
  4 jackals (D:4)
  7 kobolds
  3 quokkas
  2 frilled lizards (D:2)
  7 rats
103 creatures vanquished.

Vanquished Creatures (others)
  A fungus (D:4)
  27 plants
28 creatures vanquished.

Grand Total: 131 creatures vanquished

Notes
Turn   | Place    | Note
-------+----------+-------------------------------------------
     0 | D:1      | Gabide the Demigod Warper began the quest for the Orb.
     0 | D:1      | Reached XP level 1. HP: 17/17 MP: 5/5
   628 | D:1      | Reached XP level 2. HP: 24/24 MP: 7/7
  1030 | D:1      | Reached skill level 3 in Translocations
  1057 | D:1      | Learned a level 2 spell: Blink
  2134 | D:2      | You fall into a shaft and drop 2 floors!
  2216 | D:3      | Reached XP level 3. HP: 14/29 MP: 8/8
  3959 | D:2      | Reached XP level 4. HP: 36/36 MP: 10/10
  4377 | D:3      | Found Toataeh's Jewellery Boutique.
  4889 | D:4      | Reached XP level 5. HP: 32/42 MP: 11/11
  4952 | D:4      | Identified the +7 long sword of the Land of Plenty {flame,
                  | Fly rPois Int-2 Dex+7}
  5117 | D:4      | Reached skill level 4 in Translocations
  5294 | D:4      | Found a staircase to the Ecumenical Temple.
  5514 | D:4      | Reached XP level 6. HP: 43/50 MP: 13/13
  5897 | D:5      | Entered Level 5 of the Dungeon
  5990 | D:5      | Reached skill level 5 in Translocations
  6185 | D:5      | Reached XP level 7. HP: 16/57 MP: 14/14
  6454 | D:5      | Reached skill level 6 in Translocations
  6720 | D:5      | Noticed Menkaure
  6725 | D:5      | Killed Menkaure
  6849 | D:5      | Noticed Prince Ribbit
  6878 | D:5      | Killed Prince Ribbit
  6879 | D:5      | Reached skill level 1 in Ranged Weapons
  7342 | D:5      | Reached XP level 8. HP: 36/66 MP: 16/16
  7696 | D:6      | Noticed a two-headed ogre
  7712 | D:6      | Annihilated by a two-headed ogre

Illustrated notes

Levels and vault maps discovered:
D:1:      minmay_arrival_stone_box, layout_basic
D:2:      minmay_evil_eye, layout_basic, chequers_serial_rivers_small_3,
          minmay_misc_feat_more_columns, st_stairs_10
D:3:      layout_basic, serial_shops, shop
D:4:      layout_loops_ring, bloody_trog, gammafunk_temple_overflow_pools,
          grunt_temple_overflow_forces_of_nature,
          minmay_temple_entry_antechambers, kennysheep_boxes
D:5:      layout_gridville, serial_bayou_lagoon_a, uniq_prince_ribbit1,
          uniq_menkaure
D:6:      wander_guarded_unrand_ratskin, layout_basic,
          cheibrodos_sewer_entry_drain, serial_curves, eino_curves_03,
          eino_curves_04, uniq_pikel, uniq_crazy_yiuf_cottage, uniq_sigmund

Skill      XL: |  1  2  3  4  5  6  7 |
---------------+----------------------+-----
Polearms       | 2 3 |  3.0
Fighting       | 2 3 |  3.8
Spellcasting   | 2 3 |  3.6
Dodging        | 2 3 |  3.7
Translocations | 3 4 5 6 |  6.8
Ranged Weapons | 1 |  1.7
Throwing       | |  0.8
Armour         | |  0.8

Action                   |  1- 3 |  4- 6 |  7- 9 || total
-------------------------+-------+-------+-------++-------
Melee: Spear             |   206 |    77 |       ||   283
       Long sword        |       |    63 |    34 ||    97
       Punch             |       |     1 |       ||     1
 Fire: Shortbow          |       |       |    16 ||    16
Throw: Boomerang         |     2 |       |     1 ||     3
       Dart              |       |       |     5 ||     5
       Throwing net      |       |       |     1 ||     1
Evoke: Wand              |     5 |       |     4 ||     9
  Use: Scroll            |     5 |     5 |     4 ||    14
       Potion            |     1 |       |       ||     1
 Stab: Paralysed         |     4 |       |       ||     4
Armor: Leather armour    |    14 |       |       ||    14
       Ring mail         |    36 |    58 |    18 ||   112
Dodge: Dodged            |    98 |    84 |    26 ||   208
